Map: Kairos Junction LE

Players

Throwfordays - Winner!

  • Race: Protoss Protoss
  • League: Bronze
  • Spawn Location: 5:00

GrandxMaster

  • Race: Protoss Protoss
  • League: Bronze
  • Spawn Location: 11:00

VOD

Have the link to the VOD?

Description

Time

  • Played on: Jan. 23, 2019, 9:24 p.m.
  • Length: 6:02
Show
View Real Time Build Order
Export as new Build Order

Throwfordays Protoss - Winner!

Build Orders:  

Get SALT Encoding   

  12  0:01  Probe  
  13  0:13  Pylon  
  13  0:18  Probe  
  14  0:30  Probe  
  15  0:42  Probe  
  16  0:45  Gateway  
  16  0:53  Pylon  
  16  0:54  Probe  
  17  0:58  Assimilator  
  17  1:19  Probe  
  18  1:31  Probe  
  19  1:34  Zealot  
  19  1:35  Cybernetics Core  
  21  1:41  Warp Gate  
  21  1:43  Probe  
  22  1:48  Pylon  
  22  2:00  Pylon  
  22  2:09  Nexus  
  22  2:20  Stalker  
  24  2:25  Assimilator  
  25  2:30  Probe  
  25  2:49  Gateway  
  25  2:51  Gateway  
  25  2:56  Probe  
  26  3:01  Stalker  
  26  3:09  Probe  
  29  3:21  Probe  
  29  3:22  Probe  
  31  3:34  Probe x2  
  33  3:46  Probe x2  
  35  3:54  Gateway  
  35  3:58  Probe x2  
  35  4:02  Gateway  
  37  4:08  Stalker  
  39  4:10  Probe x2  
  41  4:22  Probe  
  41  4:23  Probe  
  43  4:29  Stalker  
  45  4:34  Probe  
  45  4:35  Probe  
  47  4:40  Pylon  
  47  4:46  Probe  
  47  4:47  Probe  
  47  4:51  Stalker x3  
  55  4:58  Probe  
  55  4:59  Probe  
  57  5:05  Stalker x2  
  61  5:10  Gateway  
  61  5:15  Stalker  
  61  5:16  Sentry  
  61  5:17  Sentry  
  67  5:24  Pylon  
  67  5:41  Stalker x3  
  67  5:42  Stalker x2  
Show
View Real Time Build Order
Export as new Build Order

GrandxMaster Protoss 

Build Orders:  

Get SALT Encoding   

  12  0:23  Pylon  
  12  0:24  Probe  
  13  0:37  Probe  
  14  0:47  Gateway  
  14  0:49  Probe  
  15  1:02  Probe  
  16  1:36  Assimilator  
  16  1:40  Assimilator  
  16  1:46  Probe  
  16  1:48  Nexus  
  16  1:57  Cybernetics Core  
  16  1:58  Probe  
  17  2:14  Zealot  
  19  2:19  Probe  
  20  2:24  Pylon  
  20  2:31  Probe  
  21  2:57  Stargate  
  21  3:00  Probe  
  21  3:04  Zealot  
  24  3:12  Probe  
  25  3:15  Probe  
  25  3:16  Forge  
  26  3:27  Gateway  
  26  3:29  Probe  
  26  3:30  Probe  
  28  3:52  Protoss Ground Weapons Level 1  
  28  3:58  Probe  
  28  4:00  Photon Cannon  
  28  4:01  Oracle  
  32  4:08  Probe  
  33  4:10  Probe  
  33  4:15  Stalker  
  36  4:23  Probe  
  37  4:27  Assimilator  
  37  4:41  Void Ray  
  41  4:46  Stalker  
  41  4:49  Stalker  
  45  4:59  Probe  
  45  5:06  Assimilator  
  46  5:18  Pylon  
  46  5:36  Probe x2  
Tags
 
Matchup
PvP
Replay Pack
Multiplayer
Spawn Locations
Cross Positions
Add a new tag
Caveats
  • Supply blocks, unpowered buildings, or Contaminate may cause inaccurate times.
  • Supply counts are checked every 10 seconds.